 Dungeon Crawl Stone Soup version 0.20.1-1-g8b1a95d (webtiles) character file.

16 Nattfarinn the Sneak (level 2, 0/17 HPs)
             Began as a Kobold Assassin on Aug 1, 2017.
             Slain by an adder (1 damage)
             ... on level 2 of the Dungeon.
             The game lasted 00:01:25 (734 turns).

Nattfarinn the Sneak (Kobold Assassin)               Turns: 734, Time: 00:01:25

Health: 0/17       AC:  3    Str:  8    XL:     2   Next: 75%
Magic:  2/2        EV: 14    Int: 12    God:
Gold:   99         SH:  0    Dex: 16    Spells: 1/1 levels left

rFire    . . .     SeeInvis +   a - +2 dagger
rCold    . . .     Gourm    .   (shield restricted)
rNeg     . . .     Faith    .   c - +0 robe
rPois    +         Spirit   .   (no helmet)
rElec    .         Reflect  .   d - +0 cloak
rCorr    .         Harm     .   (no gloves)
MR       .....                  (no boots)
Stlth    +++.......             (no amulet)
Regen    0.1/turn               (no ring)
MPRegen  0.1/turn               (no ring)

@: lethally poisoned (0 -> -3)
A: see invisible, carnivore 3, sense surroundings 1, poison resistance
a: no special abilities


You were on level 2 of the Dungeon.
You were not hungry.

You visited 1 branch of the dungeon, and saw 2 of its levels.

You collected 99 gold pieces.

Inventory:

Hand Weapons
 a - a +2 dagger (weapon)
 b - a +0 blowgun
Missiles
 e - 8 poisoned needles
 f - 2 curare-tipped needles
 m - 6 needles of confusion
Armour
 c - a +0 robe (worn)
 d - a +0 cloak (worn)
Jewellery
 q - a +3 amulet of reflection {unknown}
Scrolls
 h - 3 scrolls of identify {unknown}
 i - a scroll of remove curse {unknown}
 j - a scroll of fog {unknown}
 o - 2 scrolls of enchant weapon {unknown}
 r - a scroll of recharging {unknown}
 s - a scroll of amnesia {unknown}
Potions
 l - a potion of resistance {unknown}
 n - a potion of invisibility {unknown}
 p - a potion of haste {unknown}
 u - a potion of lignification {unknown}
Comestibles
 g - a meat ration
 t - a royal jelly


   Skills:
 - Level 2.1 Fighting
 * Level 2.9 Short Blades
 - Level 2.1 Throwing
 + Level 1.2 Dodging
 * Level 6.2 Stealth


You had one spell level left.
You didn't know any spells.

Dungeon Overview and Level Annotations

Branches:
Dungeon (2/15)

Altars:

Annotations:
D:1 1 runed door


Innate Abilities, Weirdness & Mutations

You are small and have problems with some larger weapons.
You are carnivorous and can eat meat at any time.
You have supernaturally acute eyesight. (SInv)
You passively map a small area around you.
Your system is resistant to poisons. (rPois)


Message History

The adder poisons you! The quokka closely misses you.
You are too injured to fight recklessly!
You are too injured to fight recklessly!
You are too injured to fight recklessly!
You hit the adder.
The adder is moderately wounded.
You feel sick. The adder bites you.
* * * LOW HITPOINT WARNING * * *
The quokka barely misses you. The adder barely misses you.
* * * LOW HITPOINT WARNING * * *
You feel sick. The quokka closely misses you. The adder barely misses you.
* * * LOW HITPOINT WARNING * * *
You feel sick.
It was a potion of mutation.
You feel extremely strange.
You feel resistant to poisons.
You feel a strange attunement to the structure of the dungeons.
Your vision sharpens.
The adder bites you.
You die...

...............#
, .............##
#...........####
#...............
#...............
#..w......†#* ,
#..........#
##rS......##
#$@......# ,
#.######.## #.*
#..# * #. #. ##.#
... #.*
###.######... ..
#............ ,##
#...#.#......
###.#........ * #
#######.#........


You could see a worm, an adder and a quokka.

Vanquished Creatures
  4 bats
  2 goblins (D:1)
  A hobgoblin (D:1)
  2 ball pythons (D:2)
  3 frilled lizards
  2 kobolds
  3 rats (D:1)
17 creatures vanquished.

Notes
Turn   | Place    | Note
-------+----------+-------------------------------------------
     0 | D:1      | Nattfarinn the Kobold Assassin began the quest for the Orb.
     0 | D:1      | Reached XP level 1. HP: 12/12 MP: 1/1
     1 | D:1      | Found a runed door.
     2 | D:1      | Noticed a jelly
    73 | D:1      | Reached XP level 2. HP: 8/17 MP: 2/2
   537 | D:1      | Reached skill level 6 in Stealth
   734 | D:2      | Gained mutation: Your system is resistant to poisons. (rPois) [potion of mutation]
   734 | D:2      | Gained mutation: You passively map a small area around you. [potion of mutation]
   734 | D:2      | Gained mutation: You have supernaturally acute eyesight. (SInv) [potion of mutation]
   734 | D:2      | Slain by an adder

Skill      XL: |  1  2 |
---------------+-------+-----
Stealth        | 6 |  6.2
Fighting       | |  2.1
Short Blades   | |  2.9
Throwing       | |  2.1
Dodging        | |  1.2

Action                   || total
-------------------------++-------
Melee: Dagger            ||    52
  Use: Potion            ||     1
 Stab: Sleeping          ||     5
  Eat: Chunk             ||     3
Armor: Robe              ||    10
Dodge: Dodged            ||    42
